 Dungeon Crawl Stone Soup version 0.25.0-1-g7eea58d (webtiles) character file.

Game seed: 2667784317577295754

365 yaymichael the Chiller (level 6, -1/44 HPs)
             Began as a Merfolk Ice Elementalist on June 14, 2020.
             Was an Initiate of Vehumet.
             Killed by divine providence
             ... invoked by a smoke demon
              (13 damage)
             ... on level 1 of the Abyss.
             The game lasted 00:15:20 (5097 turns).

yaymichael the Chiller (Merfolk Ice Elementalist)   Turns: 5097, Time: 00:15:21

Health: -1/44      AC:  5    Str:  9    XL:     6   Next: 68%
Magic:  11/11      EV: 13    Int: 16    God:    Vehumet [......]
Gold:   231        SH:  0    Dex: 14    Spells: 1/12 levels left

rFire    . . .     SeeInvis .   r - +1 spear
rCold    . . .     Gourm    .   (no shield)
rNeg     . . .     Faith    .   a - +0 robe
rPois    .         Spirit   .   s - +1 helmet
rElec    .         Reflect  .   n - +0 cloak
rCorr    .         Harm     .   (no gloves)
MR       .....                  (no boots)
Stlth    ++........             (no amulet)
HPRegen  0.14/turn              (no ring)
MPRegen  0.12/turn              (no ring)

@: about to teleport
A: change form in water, swift swim, stealthy swim
a: Renounce Religion


You were on level 1 of the Abyss.
You worshipped Vehumet.
Vehumet was noncommittal.
You were not hungry.

You visited 2 branches of the dungeon, and saw 6 of its levels.
You visited the Abyss 1 time.

You collected 231 gold pieces.

Inventory:

Hand Weapons
 b - a +0 vorpal hand axe
 q - a +0 dagger of venom
 r - a +1 spear (weapon)
Missiles
 i - 5 boomerangs (quivered)
Armour
 a - a +0 robe (worn)
 g - a +0 buckler
 k - a +0 leather armour
 n - a +0 cloak (worn)
 s - a +1 helmet (worn)
Jewellery
 w - an uncursed ring of flight {unknown}
Scrolls
 d - 2 scrolls of remove curse
 e - a scroll of enchant armour
 h - a scroll of identify
Potions
 l - 2 potions of berserk rage
 m - 3 potions of curing
 o - a potion of magic {unknown}
 t - a potion of stabbing {unknown}
Comestibles
 c - 4 rations


   Skills:
 * Level 1.7 Fighting
 - Level 1.3 Axes
 * Level 0.6(1.7) Polearms
 - Level 3.5 Dodging
 - Level 2.4 Stealth
 * Level 2.0 Shields
 * Level 3.7 Spellcasting
 * Level 6.0 Ice Magic


You had one spell level left.
You knew the following spells:

 Your Spells              Type           Power        Failure   Level  Hunger
a - Freeze                Ice            ###.         1%          1    None
b - Frozen Ramparts       Ice            ###...       4%          3    ###....
c - Ozocubu's Armour      Chrm/Ice       ##......     16%         3    ###....
d - Hailstorm             Conj/Ice       ##......     45%         4    ####...

Your spell library contained the following spells:

 Spells                   Type           Power        Failure   Level  Hunger
 Summon Ice Beast         Ice/Summ       ##......     45%         4    ####...


Dungeon Overview and Level Annotations

Branches:
Dungeon (5/15)             Temple (1/1) D:4

Altars:
Ashenzari
Cheibriados
Elyvilon
Gozag
Hepliaklqana
Makhleb
Nemelex Xobeh
Qazlal
Ru
Sif Muna
Trog
Uskayaw
Vehumet
Zin


Message History

The ufetubus misses you. The ufetubus hits you. The ufetubus misses you.
The ufetubus hits you but does no damage.
The ufetubus hits you.
You feel better.
The ufetubus hits you but does no damage.
The ufetubus barely misses you. The smoke demon gestures at you.
The ball of steam hits the ufetubus!!
The ufetubus dies!
The ball of steam hits you!
* * * LOW HITPOINT WARNING * * *
Found 35 gold pieces.
You feel better.
The shadow imp is engulfed in a cloud of scalding steam.
You see here 35 gold pieces.
You now have 231 gold pieces (gained 35).
The smoke demon gestures at you. Something smites you!
You die...

. ## ##.... ..#
.##.#.#. #.##... .
. ##...#....#
#.5..##.... ###
#....#... #.#
##.....# #.
#.######§53...#. #
#@.#..#.#4###....#
##.4.5##§. ..#..#.
##..#3......###
####.###..## ##.
.#.# ## # # ## .#
.# ##


You could see a rust devil, a smoke demon and a shadow imp.

Vanquished Creatures
  A howler monkey (D:4)
  2 hounds (D:4)
  4 orc wizards
  An iguana (D:4)
  3 adders
  An adder skeleton (D:4)
  2 worms
  2 dart slugs
  2 leopard geckos
  7 orcs
  8 bats
  5 giant cockroaches
  11 goblins
  6 hobgoblins
  9 jackals (D:2)
  6 kobolds
  2 quokkas
  A ball python zombie (D:2)
  4 frilled lizards
  8 rats
85 creatures vanquished.

Vanquished Creatures (others)
  An ufetubus (Abyss:1)
1 creature vanquished.

Grand Total: 86 creatures vanquished

Notes
Turn   | Place    | Note
-------+----------+-------------------------------------------
     0 | D:1      | yaymichael the Merfolk Ice Elementalist began the quest for
                  | the Orb.
     0 | D:1      | Reached XP level 1. HP: 13/13 MP: 3/3
   403 | D:1      | Reached XP level 2. HP: 19/19 MP: 5/5
   839 | D:1      | Reached skill level 5 in Ice Magic
  1122 | D:1      | Reached XP level 3. HP: 24/24 MP: 3/6
  1460 | D:2      | Learned a level 3 spell: Frozen Ramparts
  1509 | D:2      | Reached XP level 4. HP: 12/30 MP: 7/7
  1686 | D:2      | Learned a level 3 spell: Ozocubu's Armour
  2015 | D:2      | Reached skill level 1 in Shields
  2875 | D:3      | Reached skill level 1 in Axes
  2875 | D:3      | Reached XP level 5. HP: 21/36 MP: 3/8
  3126 | D:3      | Reached skill level 1 in Fighting
  3331 | D:4      | Reached XP level 6. HP: 14/43 MP: 8/10
  3541 | D:4      | Learned a level 4 spell: Hailstorm
  3792 | D:4      | Found a staircase to the Ecumenical Temple.
  3810 | Temple   | Entered the Ecumenical Temple
  3895 | Temple   | Became a worshipper of Vehumet
  4523 | D:4      | Reached skill level 6 in Ice Magic
  4632 | D:5      | Entered Level 5 of the Dungeon
  4932 | D:5      | Noticed an orc warrior
  4935 | D:5      | Found a sparkling altar of Nemelex Xobeh.
  4942 | D:5      | Cast into level 1 of the Abyss (orc warrior)
  4986 | Abyss:1  | Noticed a starcursed mass
  5016 | Abyss:1  | Noticed a large abomination
  5044 | Abyss:1  | Noticed a rust devil
  5052 | Abyss:1  | Noticed a wraith
  5071 | Abyss:1  | Noticed a smoke demon
  5097 | Abyss:1  | Killed from afar by a smoke demon

Illustrated notes

Levels and vault maps discovered:
D:1:      dpeg_arrival_three_same_balls, layout_basic, corexii_corridor_pit
D:2:      layout_loops_ring, first_ration
D:3:      layout_rooms, old_standard_altar, minmay_misc_feat_doors,
          minmay_goblin_outpost
D:4:      layout_loops_corners, minmay_temple_entry_offerings
D:5:      layout_rooms, nemelex_xobeh_ov_fountains_minmay, old_standard_altar,
          chequers_hall_statues_y
Temple:   dshaligram_water_room_temple
Abyss:1:  base:
D:12

Skill      XL: |  1  2  3  4  5  6 |
---------------+-------------------+-----
Ice Magic      | 5 6 |  6.0
Dodging        | 3 |  3.5
Shields        | 1 2 |  2.0
Axes           | 1 |  1.3
Fighting       | 1 |  1.7
Spellcasting   | 3 |  3.7
Polearms       | |  0.6
Stealth        | |  2.4

Action                   |  1- 3 |  4- 6 || total
-------------------------+-------+-------++-------
Melee: Hand axe          |    48 |    82 ||   130
       Spear             |       |    46 ||    46
Throw: Boomerang         |       |     1 ||     1
 Cast: Freeze            |    16 |    25 ||    41
       Frozen Ramparts   |     1 |     8 ||     9
  Use: Scroll            |       |     9 ||     9
       Potion            |       |     2 ||     2
 Stab: Sleeping          |     2 |     8 ||    10
  Eat: Chunk             |     2 |     9 ||    11
       Ration            |       |     1 ||     1
Armor: Robe              |    16 |    22 ||    38
Dodge: Dodged            |    46 |   127 ||   173
